 Dungeon Crawl Stone Soup version 0.19.1 (webtiles) character file.

24547 Out the Fencer (level 12, 0/89 HPs)
             Began as a Demonspawn Fighter on Nov 26, 2016.
             Was the Champion of Okawaru.
             Succumbed to Nessos's poison
             ... on level 4 of the Lair of Beasts.
             The game lasted 00:31:56 (12679 turns).

Out the Fencer (Demonspawn Fighter)                Turns: 12679, Time: 00:31:56

Health: 0/89       AC: 13    Str: 22    XL:     12   Next: 81%
Magic:  1/13       EV: 18    Int: 10    God:    Okawaru [******]
Gold:   950        SH:  0    Dex: 16    Spells: 0 memorised, 11 levels left

rFire  + . .     SeeInvis .     S - +2 great sword (protect)
rCold  + . .     Gourm    .     Q - +0 ring mail of Hopscotch {+Fly Regen+}
rNeg   . . .     Faith    .     (shield currently unavailable)
rPois  .         Spirit   +     (helmet restricted)
rElec  .         Reflect  .     (no cloak)
rCorr  .         Harm     .     (no gloves)
MR     .....                    c - +2 pair of boots {Stlth+}
Stlth  +++.......               l - amulet of guardian spirit
                                E - ring of protection from cold
                                j - +4 ring of strength

@: lethally poisoned (0 -> -40), heroism
A: antennae 1, talons 1, slimy green scales 2, fire resistance 1, spiny 1, no
device heal 2
a: Heroism, Finesse, Renounce Religion, Evoke Flight


You were on level 4 of the Lair of Beasts.
You worshipped Okawaru.
Okawaru was exalted by your worship.
You were very hungry.

You visited 3 branches of the dungeon, and saw 15 of its levels.
You also visited: Labyrinth.

You collected 950 gold pieces.

Inventory:

Hand Weapons
 S - a +2 great sword of protection (weapon)
Missiles
 p - 3 curare-tipped needles
Armour
 c - a +2 pair of boots of stealth (worn)
 M - the +0 helmet of Decompression {rElec rPois Regen+}
   (You found it on level 8 of the Dungeon)

   It insulates you from electricity.
   It protects you from poison.
   It increases your rate of regeneration.
 Q - the +0 ring mail of Hopscotch (worn) {+Fly Regen+}
   (You found it on level 9 of the Dungeon)

   It lets you fly.
   It increases your rate of regeneration.
Rods
 n - a +4 iron rod (14/14)
   (You took it off a minotaur in a labyrinth)
 B - a +0 rod of shadows (9/9)
   (You found it in a labyrinth)
Jewellery
 j - a +4 ring of strength (left hand)
 l - an amulet of guardian spirit (around neck)
 u - an uncursed ring of resist corrosion
 E - a ring of protection from cold (right hand)
Wands
 a - a wand of flame (16/48)
 A - a wand of iceblast (4/15)
 T - a wand of lightning (9/15)
 X - a wand of iceblast (5/15)
Scrolls
 h - 11 scrolls of identify
 r - 4 scrolls of enchant weapon
 w - 2 scrolls of teleportation
 x - 2 scrolls of amnesia
 y - 4 scrolls of fear
 J - 2 scrolls of enchant armour
 O - 3 scrolls of remove curse
 U - 2 scrolls of fog
Potions
 d - 2 potions of might
 g - 2 potions of magic
 m - a potion of flight
 v - a potion of resistance
 D - 4 potions of haste
 N - a potion of brilliance
Books
 z - a book of Summonings

   Spells                             Type                      Level
   a - Recall                         Summoning/Translocation      3
   b - Aura of Abjuration             Summoning                    5
   c - Summon Demon                   Summoning                    5
   d - Summon Forest                  Summoning/Translocation      5
   e - Summon Mana Viper              Hexes/Summoning              5
   f - Shadow Creatures               Summoning                    6
 I - a book of Debilitation

   Spells                             Type                      Level
   a - Corona                         Hexes                        1
   b - Slow                           Hexes                        2
   c - Gell's Gravitas                Hexes/Translocation          3
   d - Inner Flame                    Hexes/Fire                   3
   e - Cause Fear                     Hexes                        4
   f - Leda's Liquefaction            Hexes/Earth                  4
 K - a book of Conjurations

   Spells                             Type                      Level
   a - Magic Dart                     Conjuration                  1
   b - Searing Ray                    Conjuration                  2
   c - Dazzling Spray                 Conjuration/Hexes            3
   d - Fulminant Prism                Conjuration/Hexes            4
   e - Iskenderun's Mystic Blast      Conjuration                  4
   f - Iskenderun's Battlesphere      Conjuration/Charms           5
 R - a book of Geomancy

   Spells                             Type                      Level
   a - Sandblast                      Earth                        1
   b - Passwall                       Transmutation/Earth          2
   c - Stone Arrow                    Conjuration/Earth            3
   d - Petrify                        Transmutation/Earth          4
   e - Lee's Rapid Deconstruction     Earth                        5
 Y - a Necronomicon

   Spells                             Type                      Level
   a - Haunt                          Necromancy/Summoning         7
   b - Borgnjor's Revivification      Necromancy                   8
   c - Death's Door                   Charms/Necromancy            8
   d - Infestation                    Necromancy                   8
   e - Necromutation                  Transmutation/Necromancy     8
 Z - a book of the Warp

   Spells                             Type                      Level
   a - Gell's Gravitas                Hexes/Translocation          3
   b - Portal Projectile              Translocation                3
   c - Force Lance                    Conjuration/Translocation    4
   d - Dispersal                      Translocation                6
   e - Controlled Blink               Translocation                8
   f - Disjunction                    Translocation                8
Comestibles
 f - 11 bread rations
 i - 9 slices of pizza
 k - 12 meat rations
 o - 2 royal jellies
 H - a fruit
 P - 5 beef jerkies


   Skills:
 - Level 6.5(11.5) Fighting
 - Level 17.2(22.2) Long Blades
 - Level 2.6(7.6) Armour
 + Level 5.5(10.5) Dodging
   Level 2.6(7.6) Shields
 + Level 1.5 Invocations
 + Level 1.1 Evocations


You had 11 spell levels left.
You didn't know any spells.

Dungeon Overview and Level Annotations

Branches:
Dungeon (10/15)            Temple (1/1) D:4            Lair (4/6) D:10
  Swamp (0/4) Lair:3       Spider (0/4) Lair:3          Orc (0/2) D:10

Altars:
Ashenzari
Cheibriados
Dithmenos
Fedhas
Gozag
Kikubaaqudgha
Makhleb
Nemelex Xobeh
Okawaru
Qazlal
Sif Muna
Trog
Vehumet
Xom
Yredelemnul
The Shining One

Shops:
D:6 %

Annotations:
D:4 ayyllmao's ghost, novice MiFi
Lair:4 Nessos


Innate Abilities, Weirdness & Mutations

You have sharp toenails.
You are mostly covered in slimy green scales. (AC +3)
Your flesh is heat resistant. (rF+)
You are partially covered in sharp spines.
You have a pair of small antennae on your head.
Potions and wands are poor at restoring your health.


Message History

Okay, then.
Unknown command.
* * * LOW HITPOINT WARNING * * *
You feel very sick.
Nessos blinks!
Nessos shoots an arrow.
The arrow hits you!
* * * LOW HITPOINT WARNING * * *
The arrow burns you.
You are more poisoned.
* * * LOW HITPOINT WARNING * * *
You see here an arrow.
Your system partially rejects the healing.
You feel much better.
* * * LOW HITPOINT WARNING * * *
You feel very sick.
Nessos blinks!
* * * LOW HITPOINT WARNING * * *
You feel very sick.
Nessos mumbles some strange words.
There is a stone staircase leading up here.
You die...

.....................####........
.............<........###........
.............>............##.....
..........##.....................
...........#...................##
.#P.........................#...#
............................ ..##
.........(((....................
........P...((.(@.........
.............>...P.......
......÷....(....P........
......÷..................
......÷........c(........
##..........#............
P#...#................#..
...(..#..........#P...#
...##.#..........#..###


You could see Nessos.

Vanquished Creatures
  A minotaur (Lab)
  A hydra (Lair:4)
  A fire crab (Lair:4)
  Nergalle (Lair:3)
  A swamp dragon (Lair:3)
  The ghost of Tyryt0 the Chopper, a novice FoFi of Qazlal (D:6)
  A manticore (D:8)
  A black mamba (Lair:2)
  An ice statue (D:8)
  4 spiny frogs
  A gargoyle (D:10)
  6 komodo dragons
  A rime drake (Lair:1)
  2 polar bears
  3 trolls
  3 jumping spiders (Lair:3)
  7 hippogriffs
  5 blink frogs (Lair:2)
  Grinder (D:5)
  A two-headed ogre (D:9)
  3 redbacks (Lair:3)
  4 wyverns
  25 yaks
  A human (D:9)
  4 hogs (D:9)
  6 water moccasins
  4 porcupines
  A swamp drake (D:10)
  5 ice beasts
  2 sky beasts (D:8)
  A black bear (Lair:2)
  3 orc warriors
  A necrophage (D:8)
  4 ogres
  8 centaurs
  3 phantoms
  8 wolves
  5 crocodiles
  2 big kobolds (D:6)
  14 bullfrogs
  A gnoll sergeant (D:10)
  2 scorpions
  3 killer bees (D:8)
  2 howler monkeys
  8 crimson imps
  A quasit (D:8)
  5 orc priests
  7 hounds
  A gnoll shaman (D:4)
  A centaur skeleton (D:4)
  10 iguanas
  6 orc wizards
  A worker ant (D:5)
  2 hound zombies
  2 hound skeletons
  A howler monkey zombie (D:8)
  2 howler monkey skeletons
  A worker ant zombie (D:5)
  6 adders
  13 gnolls
  A shadow imp (D:10)
  A white imp (D:10)
  An ufetubus (D:10)
  An ooze (D:3)
  An adder zombie (D:5)
  3 worms
  A dart slug (D:2)
  11 leopard geckos
  16 orcs
  8 giant cockroaches
  13 goblins
  8 hobgoblins
  2 jackals (D:1)
  12 kobolds
  6 quokkas
  2 ball pythons (D:1)
  7 bats
  3 frilled lizards
  A giant cockroach zombie (D:6)
  A jackal skeleton (D:6)
  A jackal zombie (D:6)
  2 leopard gecko zombies
  3 quokka skeletons
  9 rats
336 creatures vanquished.

Vanquished Creatures (others)
  A redback (Lair:3)
1 creature vanquished.

Grand Total: 337 creatures vanquished

Notes
Turn   | Place    | Note
-------+----------+-------------------------------------------
     0 | D:1      | Out the Demonspawn Fighter began the quest for the Orb.
     0 | D:1      | Reached XP level 1. HP: 18/18 MP: 1/1
    43 | D:1      | Reached skill level 2 in Long Blades
   264 | D:1      | Gained mutation: You are partially covered in slimy green scales. (AC +2) [demonic ancestry]
   264 | D:1      | Reached XP level 2. HP: 24/24 MP: 2/2
   904 | D:1      | Reached skill level 3 in Long Blades
  1185 | D:1      | Reached XP level 3. HP: 28/29 MP: 3/3
  1442 | D:2      | Found a blossoming altar of Fedhas.
  1492 | D:2      | Found a glowing golden altar of the Shining One.
  1604 | D:2      | Found an ancient bone altar of Kikubaaqudgha.
  1711 | D:3      | Found a shattered altar of Ashenzari.
  1721 | D:3      | Reached XP level 4. HP: 27/35 MP: 4/4
  1977 | D:3      | Reached skill level 4 in Long Blades
  2405 | D:3      | Found a radiant altar of Vehumet.
  2407 | D:3      | Found a bloodstained altar of Trog.
  2527 | D:4      | Gained mutation: Your flesh is heat resistant. (rF+) [demonic ancestry]
  2527 | D:4      | Reached XP level 5. HP: 34/41 MP: 3/5
  2532 | D:4      | Reached skill level 5 in Long Blades
  2604 | D:4      | Reached XP level 6. HP: 8/47 MP: 2/6
  2810 | D:4      | Found a stormy altar of Qazlal.
  2814 | D:4      | Reached skill level 6 in Long Blades
  3085 | D:4      | Noticed ayyllmao's ghost (novice MiFi)
  3211 | D:4      | Noticed an ice beast
  3451 | D:4      | Found a staircase to the Ecumenical Temple.
  3455 | Temple   | Entered the Ecumenical Temple
  3491 | Temple   | Became a worshipper of Warmaster Okawaru
  3587 | D:5      | Entered Level 5 of the Dungeon
  3975 | D:5      | Noticed Grinder
  3990 | D:5      | Killed Grinder
  3990 | D:5      | Reached skill level 7 in Long Blades
  3990 | D:5      | Gained mutation: You are partially covered in sharp spines. [demonic ancestry]
  3990 | D:5      | Reached XP level 7. HP: 35/52 MP: 5/7
  4008 | D:5      | Reached * piety under Okawaru
  4025 | D:5      | Reached skill level 8 in Long Blades
  4336 | D:5      | Found a shadowy altar of Dithmenos.
  4406 | D:5      | Gained mutation: You are mostly covered in slimy green scales. (AC +3) [demonic ancestry]
  4406 | D:5      | Reached XP level 8. HP: 58/58 MP: 8/8
  4605 | D:6      | Found Antuenen's Food Boutique.
  4858 | D:6      | Reached skill level 9 in Long Blades
  4871 | D:6      | Reached ** piety under Okawaru
  4892 | D:6      | Found an opulent altar of Gozag.
  4903 | D:6      | Noticed Tyryt0's ghost (novice FoFi)
  4916 | D:6      | Killed Tyryt0's ghost
  4916 | D:6      | Reached skill level 10 in Long Blades
  5058 | D:6      | HP: 2/58 [wyvern (3)]
  5060 | D:6      | Reached *** piety under Okawaru
  5060 | D:6      | Reached XP level 9. HP: 2/63 MP: 0/9
  5435 | D:6      | Reached skill level 11 in Long Blades
  6286 | D:7      | Found a sparkling altar of Nemelex Xobeh.
  6323 | D:7      | Found a bloodstained altar of Trog.
  6395 | D:7      | Found a burning altar of Makhleb.
  6578 | D:7      | Found a basalt altar of Yredelemnul.
  6619 | D:8      | Reached skill level 12 in Long Blades
  6708 | D:8      | Noticed a manticore
  6722 | D:8      | Killed a manticore
  7088 | D:8      | Reached **** piety under Okawaru
  7210 | D:8      | Reached XP level 10. HP: 12/70 MP: 2/10
  7538 | D:8      | Noticed an ice statue
  7609 | D:8      | Killed an ice statue
  7609 | D:8      | Reached skill level 13 in Long Blades
  7612 | D:8      | Got an ancient helmet
  7623 | D:8      | Identified the +0 helmet of Decompression {rElec rPois Regen+} (You found it on level 8 of the Dungeon)
  7903 | D:8      | Found a shattered altar of Ashenzari.
  8169 | D:9      | Reached ***** piety under Okawaru
  8244 | D:9      | Reached skill level 14 in Long Blades
  8311 | D:9      | Got a translucent ring mail
  8322 | D:9      | Identified the +0 ring mail of Hopscotch {+Fly Regen+} (You found it on level 9 of the Dungeon)
  8599 | D:9      | Received a gift from Okawaru
  8638 | D:9      | Found a deep blue altar of Sif Muna.
  8734 | D:9      | Gained mutation: You have sharp toenails. [demonic ancestry]
  8734 | D:9      | Reached XP level 11. HP: 75/75 MP: 8/11
  8747 | D:9      | Reached skill level 15 in Long Blades
  8877 | D:10     | Entered Level 10 of the Dungeon
  9168 | D:10     | Found a staircase to the Orcish Mines.
  9495 | D:10     | Found a staircase to the Lair.
  9512 | D:10     | Received a gift from Okawaru
  9786 | Lair:1   | Entered Level 1 of the Lair of Beasts
  9823 | Lair:1   | Reached skill level 16 in Long Blades
  9823 | Lair:1   | Reached skill level 1 in Dodging
 10803 | Lair:2   | Reached XP level 12. HP: 48/84 MP: 5/12
 11340 | Lair:3   | Reached skill level 5 in Fighting
 11463 | Lair:3   | Reached ****** piety under Okawaru
 11471 | Lair:3   | Noticed Nergalle
 11480 | Lair:3   | Killed Nergalle
 11550 | Lair:3   | Received a gift from Okawaru
 11556 | Lair:3   | Found a hole to the Spider Nest.
 11656 | Lair:3   | Found a staircase to the Swamp.
 11933 | Lair:3   | Reached skill level 17 in Long Blades
 12072 | Lair:4   | Noticed Nessos
 12112 | Lair:4   | Found a labyrinth entrance.
 12120 | Lab      | Entered a labyrinth
 12192 | Lab      | Noticed a minotaur
 12201 | Lab      | Killed a minotaur
 12201 | Lab      | Reached skill level 5 in Dodging
 12219 | Lab      | Identified a +0 rod of shadows (9/9) (You found it in a labyrinth)
 12348 | Lair:4   | Gained mutation: Potions and wands are less effective at restoring your health. [potion of mutation]
 12348 | Lair:4   | Gained mutation: You have a pair of small antennae on your head. [potion of mutation]
 12348 | Lair:4   | Gained mutation: Potions and wands are poor at restoring your health. [potion of mutation]
 12504 | Lair:4   | Noticed an eight-headed hydra
 12633 | Lair:4   | Identified Tocorr's Reference Book on Intoxication and Snow
 12670 | Lair:4   | Killed a 15-headed hydra
 12670 | Lair:4   | Reached skill level 1 in Invocations
 12670 | Lair:4   | Reached skill level 1 in Evocations
 12676 | Lair:4   | HP: 4/89 [Nessos/arrow (1)]
 12679 | Lair:4   | Succumbed to Nessos's poison

Skill      XL: |  1  2  3  4  5  6  7  8  9 10 11 12 |
---------------+-------------------------------------+-----
Long Blades    | 2 3 4 5 7 8 10 12 14 16 17 | 17.2
Dodging        | 3 5 |  5.5
Fighting       | 4 6 |  6.5
Invocations    | 1 |  1.5
Evocations     | 1 |  1.1
Armour         | |  2.6
Shields        | |  2.6

Action                   |  1- 3 |  4- 6 |  7- 9 | 10-12 || total
-------------------------+-------+-------+-------+-------++-------
Melee: Long sword        |   110 |   181 |   102 |       ||   393
       Scimitar          |       |       |   139 |   179 ||   318
       Great sword       |       |       |       |   418 ||   418
       Punch             |       |       |       |     1 ||     1
Throw: Throwing net      |       |     1 |       |     1 ||     2
Invok: Heroism           |       |       |     6 |    12 ||    18
Evoke: Wand              |       |       |       |     6 ||     6
       Rod               |       |       |       |     4 ||     4
  Use: Scroll            |       |    10 |     2 |     6 ||    18
       Potion            |       |     7 |     2 |     7 ||    16
 Stab: Held in net/web   |       |     2 |       |       ||     2
       Invisible         |       |       |       |     3 ||     3
  Eat: Chunk             |     3 |     7 |    10 |    15 ||    35
       Bread ration      |       |       |       |     1 ||     1
Armor: Scale mail        |    72 |    87 |    97 |    46 ||   302
       Skin              |       |    19 |       |       ||    19
       Ring mail         |       |       |       |   207 ||   207
Dodge: Dodged            |    58 |    75 |    89 |   350 ||   572
       Rpst.: Long sword |    16 |    25 |    15 |       ||    56
       Scimitar          |       |       |    14 |    12 ||    26
       Great sword       |       |       |       |    65 ||    65
